[Event "10th Cesme Open-A 2024"]
[Site "Cesme"]
[Date "2024.06.29"]
[Round "8"]
[White "Ozcan, Kaan"]
[Black "Yildiz, Serdar Murat"]
[Result "1/2-1/2"]
[ECO "E28"]
[WhiteElo "2227"]
[BlackElo "2026"]
[Annotator "RC"]
[PlyCount "153"]
[EventDate "2024.06.23"]
[EventType "swiss"]
[EventCountry "TUR"]
[SourceTitle "playchess.com"]
[Source "ChessBase"]
[SourceQuality "1"]
[TimeControl "5400+30"]

1. d4 Nf6 2. c4 e6 3. Nc3 Bb4 4. e3 b6 5. Bd3 Bb7 6. f3 O-O 7. Nge2 c5 8. a3 Bxc3+ 9. bxc3 Nc6 10. O-O d6 11. e4 Nd7 12. f4 cxd4 13. cxd4 e5 14. fxe5 dxe5 15. d5 Ne7 16. Ng3 Nc5 17. Be2 Ba6 18. Be3 Qd6 19. Rc1 Rac8 20. Bg5 f6 21. Be3 Rc7 22. Kh1 g6 23. Bg4 Bc8 24. Bxc8 Rcxc8 25. Qg4 Kh8 26. Bh6 Rf7 27. Rc3 f5 28. exf5 gxf5 29. Qh5 Qg6 30. Re3 Nd7 31. d6 Ng8 32. Qxg6 hxg6 33. Bg5 Rxc4 34. Rd3 Ngf6 35. Kg1 Kg7 36. h4 f4 37. Ne2 Nc5 38. Rdd1 Rd7 39. g3 Rc2 40. Nc1 Ng4 41. gxf4 Ne3 42. fxe5 Nxd1 43. Rxd1 Kf7 44. Nd3 Nxd3 45. Rxd3 Ke6 46. Bf6 b5 47. Rg3 a5 48. Rxg6 b4 49. Be7+ Kxe5 50. Rg5+ Ke6 51. Rg3 Rb7 52. axb4 axb4 53. Rb3 Ra7 54. Re3+ Kd7 55. Bf6 Kxd6 56. h5 Rh7 57. h6 Kd5 58. Bg7 Rc7 59. Rd3+ Kc4 60. Rd4+ Kb3 61. Rg4 Rf7 62. Rg3+ Ka2 63. Rg2+ Ka3 64. Rg3+ b3 65. Rg6 Ra7 66. Bd4 Ra5 67. Bc3 Ra4 68. Rb6 Rc7 69. Be5 Rh7 70. Bc3 Ka2 71. Kg2 Rc4 72. Be5 Rc2+ 73. Kg3 b2 74. Ra6+ Kb1 75. Rb6 Ra7 76. Kg4 Ka2 77. Rxb2+ 1/2-1/2

[Event "10th Cesme Open-A 2024"]
[Site "Cesme"]
[Date "2024.06.29"]
[Round "8"]
[White "Jafarli, Babak"]
[Black "Aliyev, Elnur"]
[Result "1-0"]
[ECO "A01"]
[WhiteElo "2192"]
[BlackElo "2073"]
[Annotator "RC"]
[PlyCount "100"]
[EventDate "2024.06.23"]
[EventType "swiss"]
[EventCountry "TUR"]
[SourceTitle "playchess.com"]
[Source "ChessBase"]
[SourceQuality "1"]
[TimeControl "5400+30"]

1. b3 d5 2. Bb2 Nc6 3. e3 Nf6 4. f4 Bg4 5. Nf3 a6 6. Be2 e6 7. Ne5 Bxe2 8. Qxe2 Nd7 9. O-O Be7 10. e4 Ncxe5 11. fxe5 c6 12. d4 O-O 13. Nd2 a5 14. a4 Qc7 15. exd5 cxd5 16. c4 Bb4 17. Nf3 dxc4 18. bxc4 Rac8 19. Rac1 Nb6 20. c5 Nxa4 21. Qc2 Qd7 22. Ng5 f5 23. exf6 gxf6 24. Nxh7 Qxh7 25. Qxa4 Rc7 26. Qb3 Qe4 27. Rf3 Rg7 28. Rcf1 Rff7 29. g3 f5 30. Rf4 Qc6 31. d5 Qxc5+ 32. Bd4 Qxd5 33. Qxd5 exd5 34. Bxg7 Kxg7 35. Rxf5 Rxf5 36. Rxf5 a4 37. Rxd5 a3 38. Rb5 Bc3 39. Rxb7+ Kf6 40. Rb6+ Ke5 41. Ra6 Bb4 42. Ra4 Bc5+ 43. Kf1 Kd5 44. Ke2 Kc6 45. Kd3 Kb5 46. Ra8 Bd6 47. Kc3 Kc6 48. Ra6+ Kd5 49. Rxd6+ Kxd6 50. Kb3 Kd5 1-0

[Event "10th Cesme Open-A 2024"]
[Site "Cesme"]
[Date "2024.06.29"]
[Round "8"]
[White "Selbes, Tamer Tarik"]
[Black "Bernadskiy, Vitaliy"]
[Result "0-1"]
[ECO "A04"]
[WhiteElo "2183"]
[BlackElo "2563"]
[Annotator "TA"]
[PlyCount "64"]
[EventDate "2024.06.23"]
[EventType "swiss"]
[EventCountry "TUR"]
[SourceTitle "playchess.com"]
[Source "ChessBase"]
[SourceQuality "1"]
[TimeControl "5400+30"]

1. e4 c5 2. Nf3 e6 3. d3 Nc6 4. g3 g6 5. Bg2 Bg7 6. O-O Nge7 7. Re1 d6 8. c3 e5 9. a3 O-O 10. b4 a6 11. Bb2 h6 12. d4 ({White should try} 12. Nbd2 $11) 12... exd4 $1 $15 13. cxd4 {[%emt 0:00:00] Black is slightly better.} Bg4 $1 14. Nbd2 (14. bxc5 dxc5 15. Nbd2 Nxd4 $17) 14... Nxd4 {[%emt 0:01:30] Black is more active.} (14... cxd4 $6 15. h3 Bxf3 16. Nxf3 $11) 15. Rb1 Nec6 16. bxc5 ({White should play} 16. h3 Nxf3+ 17. Nxf3 Bxb2 18. Rxb2) 16... dxc5 $17 17. Qc1 Rc8 18. e5 (18. h3 {was worth a try.} Be6 19. Qxc5) 18... b5 19. h3 (19. Qxc5 $2 Nxe5 20. Qxd4 Nxf3+ 21. Nxf3 Bxd4 $19) 19... Bf5 20. Nxd4 (20. Ne4) 20... cxd4 $19 ({But not} 20... Nxd4 21. Ne4 $19) 21. Bxc6 Bxb1 ({Resist} 21... Qb6 22. Ne4 $19) 22. e6 fxe6 {[%emt 0:01:30] Black is clearly winning.} 23. Rxe6 ({Much weaker is} 23. Nxb1 Qd6 24. a4 Qxc6 (24... Rxc6 $2 25. Qd2 $19)) (23. Qxb1 $142 Rxc6 24. Qxg6) 23... Bf5 24. Qe1 Bxe6 25. Qxe6+ Kh7 26. Bb7 Rc7 27. Qxa6 Rf6 28. Qxb5 Rb6 29. Qxb6 {[%emt 0:00:30] [#] Black must now prevent Qb3.} Rc1+ $3 30. Bxc1 Qxb6 31. Be4 Qc7 32. Bb2 {[%emt 0:00:00] [#]} d3 $1 {[%emt 0:00:00] Black took control after the opening.   Weighted Error Value: White=1.15/Black=0.85.  Mistake:       	White=5     	---        Inaccurate:     	White=3     	---        OK:         	White=3     	Black=7      Best:        	---       	Black=1      Strong:       	---       	Black=2} 0-1

[Event "10th Cesme Open-A 2024"]
[Site "Cesme"]
[Date "2024.06.29"]
[Round "8"]
[White "Altun, Arda"]
[Black "Portakalci, Yusuf"]
[Result "1-0"]
[ECO "A11"]
[WhiteElo "2149"]
[BlackElo "2034"]
[Annotator "RC"]
[PlyCount "115"]
[EventDate "2024.06.23"]
[EventType "swiss"]
[EventCountry "TUR"]
[SourceTitle "playchess.com"]
[Source "ChessBase"]
[SourceQuality "1"]
[TimeControl "5400+30"]

1. Nf3 d5 2. g3 Nf6 3. Bg2 Bf5 4. c4 c6 5. Qb3 Qb6 6. Nc3 e6 7. d4 Nbd7 8. c5 Qxb3 9. axb3 a6 10. b4 Rc8 11. h3 h6 12. g4 Bh7 13. Bf4 Be7 14. Nd2 Bd8 15. Nb3 O-O 16. Na5 Bxa5 17. Rxa5 Rfe8 18. Be3 e5 19. O-O exd4 20. Bxd4 Be4 21. f3 Bg6 22. Ra2 Nf8 23. e4 dxe4 24. f4 Nd5 25. f5 Nxc3 26. bxc3 Bh7 27. Re2 Nd7 28. Rfe1 Kf8 29. Rxe4 f6 30. Kf2 Bg8 31. Rxe8+ Rxe8 32. Rxe8+ Kxe8 33. Ke3 Bc4 34. Kf4 Ke7 35. h4 Kf7 36. Bf3 Nf8 37. Bd1 Nd7 38. g5 hxg5+ 39. hxg5 fxg5+ 40. Kxg5 Nf6 41. Bf3 Bd3 42. Kf4 Ke7 43. Bd1 Nd5+ 44. Kg5 Kf7 45. Bh5+ Kf8 46. Bg6 Kg8 47. Be8 Kf8 48. Bd7 Ne7 49. Be5 Kf7 50. Be6+ Kf8 51. Bd6 Ke8 52. Bxe7 Kxe7 53. Kg6 Kf8 54. Bc8 a5 55. bxa5 Ba6 56. c4 Kg8 57. Be6+ Kh8 58. Bf7 1-0

[Event "10th Cesme Open-A 2024"]
[Site "Cesme"]
[Date "2024.06.29"]
[Round "8"]
[White "Ozkan, Ervin"]
[Black "Pereverzev, Timofei"]
[Result "1/2-1/2"]
[ECO "E61"]
[WhiteElo "2147"]
[BlackElo "2019"]
[Annotator "RC"]
[PlyCount "60"]
[EventDate "2024.06.23"]
[EventType "swiss"]
[EventCountry "TUR"]
[SourceTitle "playchess.com"]
[Source "ChessBase"]
[SourceQuality "1"]
[TimeControl "5400+30"]

1. d4 Nf6 2. Nf3 g6 3. c4 Bg7 4. Nc3 O-O 5. Bg5 h6 6. Bh4 d6 7. e3 Nbd7 8. Be2 c6 9. Qc2 Qc7 10. O-O e5 11. Rfd1 a5 12. h3 b6 13. dxe5 dxe5 14. Bg3 Re8 15. a3 Nc5 16. b4 Bf5 17. Qb2 Nce4 18. Nxe4 Nxe4 19. Bh2 a4 20. Nd4 Nxf2 21. Rf1 Nxh3+ 22. gxh3 Bxh3 23. Rf2 Qe7 24. Nxc6 Qg5+ 25. Kh1 e4 26. Qc1 Qh4 27. Rf4 Qg5 28. Rf2 Qh4 29. Rf4 Qg5 30. Rf2 Qh4 1/2-1/2

[Event "10th Cesme Open-A 2024"]
[Site "Cesme"]
[Date "2024.06.29"]
[Round "8"]
[White "Ozkan, Ervin"]
[Black "Pereverzev, Timofei"]
[Result "*"]
[ECO "E61"]
[WhiteElo "2147"]
[BlackElo "2019"]
[Annotator "RC"]
[PlyCount "37"]
[EventDate "2024.06.23"]
[EventType "swiss"]
[EventCountry "TUR"]
[SourceTitle "playchess.com"]
[Source "ChessBase"]
[SourceQuality "1"]
[TimeControl "5400+30"]

1. d4 Nf6 2. Nf3 g6 3. c4 Bg7 4. Nc3 O-O 5. Bg5 h6 6. Bh4 d6 7. e3 Nbd7 8. Be2 c6 9. Qc2 Qc7 10. Rd1 a5 11. O-O e5 12. h3 b6 13. dxe5 dxe5 14. Bg3 Re8 15. a3 Nc5 16. b4 Bf5 17. Qb2 Nce4 18. Nxe4 Nxe4 19. Bh2 *

[Event "10th Cesme Open-A 2024"]
[Site "Cesme"]
[Date "2024.06.29"]
[Round "8"]
[White "Zakirov, Musa"]
[Black "Tarlabasi, Emirhan"]
[Result "1/2-1/2"]
[ECO "C18"]
[WhiteElo "2112"]
[BlackElo "2303"]
[Annotator "RC"]
[PlyCount "221"]
[EventDate "2024.06.23"]
[EventType "swiss"]
[EventCountry "TUR"]
[SourceTitle "playchess.com"]
[Source "ChessBase"]
[SourceQuality "1"]
[TimeControl "5400+30"]

1. e4 e6 2. d4 d5 3. Nc3 Bb4 4. e5 c5 5. a3 Bxc3+ 6. bxc3 Nc6 7. Qg4 g6 8. Qd1 Qa5 9. Bd2 Qa4 10. Rb1 c4 11. Qc1 h6 12. Ne2 b6 13. h4 Bd7 14. Nf4 O-O-O 15. g3 Nge7 16. Bh3 Kc7 17. O-O a5 18. Ng2 h5 19. Bg5 Rb8 20. Ne3 Nc8 21. Bf6 Re8 22. Bg2 N6e7 23. Bf3 Ng8 24. Bg5 Bc6 25. Be2 Nge7 26. f3 Rh8 27. g4 Bd7 28. Kg2 Ng8 29. Nd1 Nce7 30. Nb2 Qc6 31. Qf4 Rf8 32. Ra1 Kb7 33. a4 Qc7 34. Ra2 Rh7 35. Nd1 f6 36. exf6 Qxf4 37. Bxf4 Nxf6 38. Bg5 Nc8 39. Ne3 Nd6 40. Bf4 Nfe8 41. Be5 hxg4 42. Nxg4 Rxh4 43. Rb1 Nc8 44. f4 Ned6 45. Bf3 Bc6 46. Ne3 Rf7 47. Kg3 Rfh7 48. Rg1 Rh2 49. Rg2 Rxg2+ 50. Bxg2 Kc7 51. Ng4 Kb7 52. Ne3 Nf5+ 53. Nxf5 gxf5 54. Ra1 Ka6 55. Bf3 Na7 56. Bd6 Nc8 57. Be5 Rb7 58. Kh4 b5 59. axb5+ Rxb5 60. Kg5 Rb2 61. Kf6 Bd7 62. Bc7 a4 63. Bd1 Kb7 64. Bd8 Na7 65. Be7 Nb5 66. Bb4 Nc7 67. Ke7 Kc8 68. Kd6 Na6 69. Ba3 Rb6+ 70. Ke7 Nc7 71. Bb4 Ra6 72. Bh5 Nb5 73. Bf7 Kc7 74. Bg8 Na7 75. Bc5 Nc8+ 76. Kf6 Nd6 77. Bb4 Ne4+ 78. Ke5 Nf2 79. Kf6 Ng4+ 80. Ke7 Ne3 81. Ra2 Ng2 82. Kf6 Nxf4 83. Kg5 Nh3+ 84. Kh4 Nf2 85. Kg3 Ne4+ 86. Kf4 Ra8 87. Bf7 Ra6 88. Ke5 Ra8 89. Ra1 Nf2 90. Kf6 Ng4+ 91. Ke7 Ra6 92. Bh5 Ne3 93. Ra2 a3 94. Rxa3 Rxa3 95. Bxa3 Nxc2 96. Bc1 Ne1 97. Be2 Nd3 98. Bd2 Kc6 99. Bd1 Nb2 100. Bc2 Kc7 101. Bf4+ Kc8 102. Bc1 Nd3 103. Bxd3 cxd3 104. Bf4 Bb5 105. Kxe6 Bc4 106. Kxf5 Kd7 107. Bd2 Kc6 108. Kf4 Kb5 109. Ke3 Ka4 110. Be1 Kb3 111. Kd2 1/2-1/2

[Event "10th Cesme Open-A 2024"]
[Site "Cesme"]
[Date "2024.06.29"]
[Round "8"]
[White "Kavri, Yusuf Eren"]
[Black "Danaci, Ege"]
[Result "1-0"]
[ECO "E43"]
[WhiteElo "2059"]
[BlackElo "2005"]
[Annotator "NA RC"]
[PlyCount "89"]
[EventDate "2024.06.23"]
[EventType "swiss"]
[EventCountry "TUR"]
[SourceTitle "playchess.com"]
[Source "ChessBase"]
[SourceQuality "1"]
[TimeControl "5400+30"]

1. d4 Nf6 2. c4 e6 3. Nc3 Bb4 4. Nf3 b6 5. e3 Bb7 6. Bd3 O-O 7. O-O c5 8. Na4 cxd4 9. a3 Be7 10. exd4 d6 11. b4 Nbd7 12. Re1 Rc8 13. Nc3 Re8 14. h3 Qc7 15. Bf4 Bf8 16. Bh2 Qb8 17. Bf1 a6 18. Rc1 Qa8 19. Nd2 e5 20. d5 b5 21. cxb5 axb5 22. Nxb5 Rxc1 23. Qxc1 Rc8 24. Qb2 Bxd5 25. Rc1 Rxc1 26. Qxc1 Nb6 27. Qc7 Qc6 28. Qxc6 Bxc6 29. Nc3 Nfd5 30. Nxd5 Bxd5 31. Bb5 g6 32. f3 Bh6 33. Ne4 Be3+ 34. Kf1 Bc4+ 35. Bxc4 Nxc4 36. Ke2 Bd4 37. Kd3 Nb2+ 38. Kc2 Nc4 39. Kb3 d5 40. Bg3 Ne3 41. Nc3 Nxg2 42. Ne2 Kf8 43. Nxd4 exd4 44. b5 Ke7 45. b6 1-0

[Event "10th Cesme Open-A 2024"]
[Site "Cesme"]
[Date "2024.06.29"]
[Round "8"]
[White "Uysal, Ugur"]
[Black "Cilek, Bora"]
[Result "0-1"]
[ECO "A30"]
[WhiteElo "2058"]
[BlackElo "2242"]
[Annotator "RC"]
[PlyCount "68"]
[EventDate "2024.06.23"]
[EventType "swiss"]
[EventCountry "TUR"]
[SourceTitle "playchess.com"]
[Source "ChessBase"]
[SourceQuality "1"]
[TimeControl "5400+30"]

1. Nf3 c5 2. c4 g6 3. d4 cxd4 4. Nxd4 Bg7 5. g3 Qb6 6. Nb5 a6 7. Qa4 Nc6 8. Be3 Qd8 9. N1c3 Rb8 10. Nd5 axb5 11. cxb5 b6 12. bxc6 dxc6 13. O-O-O Bd7 14. Nxb6 Nf6 15. Qa7 Nd5 16. Nxd7 Ra8 17. Qb7 Rxa2 18. Rxd5 cxd5 19. Bb6 Qa8 20. Qxa8+ Rxa8 21. Nc5 O-O 22. Bg2 Rfb8 23. Nd7 Rb7 24. Bxd5 Rc8+ 25. Kb1 Rxd7 26. Be4 Rb8 27. Be3 Rxb2+ 28. Kc1 Rxe2 29. Bf3 Ra2 30. Kb1 Rb2+ 31. Kc1 Ra2 32. Kb1 Ra1+ 33. Kc2 Rxh1 34. Bxh1 Bd4 0-1

[Event "10th Cesme Open-A 2024"]
[Site "Cesme"]
[Date "2024.06.29"]
[Round "8"]
[White "Demirtas, Alper"]
[Black "Ozdemir, Serhan Berat"]
[Result "1-0"]
[ECO "A48"]
[WhiteElo "2057"]
[BlackElo "2225"]
[Annotator "RC"]
[PlyCount "41"]
[EventDate "2024.06.23"]
[EventType "swiss"]
[EventCountry "TUR"]
[SourceTitle "playchess.com"]
[Source "ChessBase"]
[SourceQuality "1"]
[TimeControl "5400+30"]

1. Nf3 Nf6 2. b3 g6 3. Bb2 Bg7 4. d4 d6 5. e3 O-O 6. Be2 e5 7. dxe5 Nfd7 8. h4 Nxe5 9. Nc3 h5 10. Ng5 a5 11. Qd2 Nbd7 12. f4 Ng4 13. Bxg4 hxg4 14. h5 gxh5 15. Qd3 Re8 16. Qh7+ Kf8 17. Qxh5 Rxe3+ 18. Kd2 Qe8 19. Qh8+ Bxh8 20. Rxh8+ Kg7 21. Nce4+ 1-0

[Event "10th Cesme Open-A 2024"]
[Site "Cesme"]
[Date "2024.06.29"]
[Round "8"]
[White "Demirbag, Alihan"]
[Black "Isgenderova, Hayale"]
[Result "1-0"]
[ECO "C01"]
[WhiteElo "2055"]
[BlackElo "2103"]
[Annotator "RC"]
[PlyCount "165"]
[EventDate "2024.06.23"]
[EventType "swiss"]
[EventCountry "TUR"]
[SourceTitle "playchess.com"]
[Source "ChessBase"]
[SourceQuality "1"]
[TimeControl "5400+30"]

1. e4 e6 2. d4 d5 3. exd5 exd5 4. Nc3 Nf6 5. Bf4 Bd6 6. Qd2 O-O 7. O-O-O Ne4 8. Nxe4 dxe4 9. f3 Bxf4 10. Qxf4 Qd5 11. Kb1 Re8 12. fxe4 Qxe4 13. Qxe4 Rxe4 14. Nf3 Bg4 15. Bd3 Rf4 16. Rde1 Nc6 17. Re4 Rxe4 18. Bxe4 Re8 19. Bxc6 bxc6 20. Re1 Rxe1+ 21. Nxe1 f6 22. Nd3 Kf7 23. Nb4 Bd7 24. c4 Bf5+ 25. Kc1 Be4 26. g3 Ke6 27. Kd2 Kd6 28. Na6 Bb1 29. a3 f5 30. Ke3 Be4 31. g4 g6 32. g5 Bg2 33. h4 Be4 34. Nc5 Bb1 35. Na6 Be4 36. c5+ Kd7 37. Kf4 Bd3 38. Nb8+ Ke6 39. Nxc6 Kd5 40. Nxa7 Kxd4 41. b4 Kc4 42. Nc6 Kb3 43. Nd4+ Kxa3 44. b5 Kb4 45. b6 cxb6 46. cxb6 Ba6 47. Ke5 Kc5 48. Ne6+ Kxb6 49. Nf8 Be2 50. Nxh7 Kc7 51. Nf8 Bh5 52. Ne6+ Kd7 53. Nf4 Bg4 54. Nxg6 Ke8 55. Kf6 Bd1 56. Kxf5 Kf7 57. Nf4 Bc2+ 58. Kg4 Bd1+ 59. Kf5 Bc2+ 60. Ke5 Bd1 61. Kd4 Ke7 62. Ke3 Kd6 63. Kd4 Ke7 64. Ke4 Kf7 65. Kf5 Bc2+ 66. Kg4 Bd1+ 67. Kg3 Kg7 68. h5 Kf7 69. Kh4 Kg7 70. Ng2 Bc2 71. Ne3 Bd3 72. Kg4 Be2+ 73. Kh4 Bd3 74. Ng4 Bc2 75. Kg3 Bd3 76. Kf4 Bc2 77. Ne3 Bd3 78. Nf5+ Kf7 79. Ke5 Be2 80. g6+ Kg8 81. Kf6 Bc4 82. h6 Kh8 83. Nd6 1-0

[Event "10th Cesme Open-A 2024"]
[Site "Cesme"]
[Date "2024.06.29"]
[Round "8"]
[White "Cakiroglu, Metin"]
[Black "Maruflu, Enes Yusuf"]
[Result "0-1"]
[ECO "B22"]
[WhiteElo "2039"]
[BlackElo "2141"]
[Annotator "RC"]
[PlyCount "92"]
[EventDate "2024.06.23"]
[EventType "swiss"]
[EventCountry "TUR"]
[SourceTitle "playchess.com"]
[Source "ChessBase"]
[SourceQuality "1"]
[TimeControl "5400+30"]

1. e4 c5 2. c3 d5 3. exd5 Nf6 4. Qa4+ Nbd7 5. c4 b5 6. Qxb5 Rb8 7. Qa4 e6 8. Nc3 Bb7 9. Nf3 exd5 10. cxd5 Bd6 11. Be2 O-O 12. O-O Nxd5 13. d4 Re8 14. Bg5 Qc7 15. Nb5 Qc6 16. Qd1 Bf4 17. Bh4 a6 18. Nc3 Ba8 19. Nxd5 Qxd5 20. dxc5 Nxc5 21. Qxd5 Bxd5 22. Rfe1 g5 23. Bxg5 Bxg5 24. Nxg5 Rxb2 25. Bf1 Rxe1 26. Rxe1 Rxa2 27. Rc1 Nb3 28. Rd1 Nd2 29. Bd3 h6 30. Nh3 a5 31. Nf4 Bb3 32. Rc1 Kf8 33. h4 a4 34. Rc8+ Ke7 35. Ra8 a3 36. Ne2 Ra1+ 37. Kh2 Rd1 38. Nc3 Nf3+ 39. gxf3 Rxd3 40. Ne4 Bd5 41. Ra7+ Kf8 42. Nc5 Rxf3 43. Nd7+ Kg7 44. Nb6 Be6 45. Na4 Rxf2+ 46. Kg3 Rc2 0-1

[Event "10th Cesme Open-A 2024"]
[Site "Cesme"]
[Date "2024.06.29"]
[Round "8"]
[White "Zerey, Demhat"]
[Black "Isik, Alparslan"]
[Result "0-1"]
[ECO "B13"]
[WhiteElo "2038"]
[BlackElo "2469"]
[Annotator "RC"]
[PlyCount "96"]
[EventDate "2024.06.23"]
[EventType "swiss"]
[EventCountry "TUR"]
[SourceTitle "playchess.com"]
[Source "ChessBase"]
[SourceQuality "1"]
[TimeControl "5400+30"]

1. d4 d5 2. Bf4 c5 3. e3 cxd4 4. exd4 Nc6 5. Nf3 Bf5 6. c4 Nf6 7. Nc3 e6 8. c5 Be7 9. Bb5 Nd7 10. Ne5 Ncxe5 11. Bxe5 O-O 12. Bg3 Nxc5 13. dxc5 d4 14. O-O dxc3 15. bxc3 Bxc5 16. Qf3 Qe7 17. Rfd1 Rad8 18. Rxd8 Rxd8 19. Rd1 h6 20. h3 b6 21. a4 a5 22. Rxd8+ Qxd8 23. Qc6 Bg6 24. Qe8+ Qxe8 25. Bxe8 Kf8 26. Bb5 f6 27. Kf1 Ke7 28. Ke2 Bd6 29. f4 Be4 30. Kf1 Kd8 31. Bf2 Bc5 32. Bxc5 bxc5 33. g3 Kc7 34. Ke2 Bc6 35. c4 Bg2 36. h4 Kd6 37. Kf2 Bb7 38. Ke2 e5 39. Ke3 Ke6 40. Be8 Bc8 41. Ke4 Bb7+ 42. Ke3 exf4+ 43. gxf4 g5 44. h5 Kd6 45. Bg6 Bc6 46. Bc2 Ke6 47. Bd1 Kf5 48. Bc2+ Kg4 0-1